 Dungeon Crawl Stone Soup version 0.31-a0-672-g7da72447bb (webtiles) character file.

Game seed: 9128499915053993001

2821 pokeman the Thaumaturge (level 9, -1/47 (50) HPs)
             Began as a Deep Elf Hedge Wizard on Sept 4, 2023.
             Slain by a wight
             ... wielding a +1 morningstar
              (8 damage)
             ... on level 7 of the Dungeon.
             The game lasted 00:14:33 (7657 turns).

pokeman the Thaumaturge (Deep Elf Hedge Wizard)     Turns: 7657, Time: 00:14:34

HP:   -1/47 (50)    AC: 10    Str:  7    XL:     9   Next: 45%
MP:   26/26         EV: 12    Int: 30    God:
Gold: 377           SH:  0    Dex: 16    Spells: 16/30 levels left

rFire   + . .        m - +10 quarterstaff "Wiwuc" {spect, rPois Will+ rCorr Dex+2}
rCold   . . .        (shield currently unavailable)
rNeg    . . .        t - +1 leather armour {rF+}
rPois   +            s - +0 helmet
rElec   .            c - +0 cloak
rCorr   +            (no gloves)
SInv    .            (no boots)
Will    +....        C - amulet of magic regeneration
Stlth   ++           r - +6 ring of intelligence
HPRegen 0.27/turn    y - +4 ring of protection
MPRegen 0.60/turn

%: no passive effects
@: drained
A: no striking features
a: no special abilities


You were on level 7 of the Dungeon.
You visited 2 branches of the dungeon, and saw 8 of its levels.

You collected 481 gold pieces.
You spent 104 gold pieces at shops.

Inventory:

Hand Weapons
 m - the +10 quarterstaff "Wiwuc" (weapon) {spect, rPois Will+ rCorr Dex+2}
   (You found it on level 2 of the Dungeon)

   Dex+2:     It affects your dexterity (+2).
   rPois:     It protects you from poison Will+: It increases your willpower.
   rCorr:     It protects you from acid and corrosion.
Missiles
 D - 5 throwing nets
Armour
 c - a +0 cloak (worn)
 s - a +0 helmet (worn)
 t - a +1 leather armour of fire resistance (worn)
 F - a +0 buckler
Jewellery
 k - a ring of ice
 r - a +6 ring of intelligence (left hand)
 y - a +4 ring of protection (right hand)
 B - an amulet of guardian spirit
 C - an amulet of magic regeneration (around neck)
 G - a ring of ice
Wands
 a - a wand of iceblast (23)
 o - a wand of flame (13)
Scrolls
 b - 4 scrolls of blinking {unknown}
 e - 7 scrolls of identify {unknown}
 f - 3 scrolls of fear {unknown}
 g - 3 scrolls of amnesia {unknown}
 h - 3 scrolls of revelation {unknown}
 j - 3 scrolls of vulnerability {unknown}
 l - a scroll of silence {unknown}
 n - 3 scrolls of fog {unknown}
 u - 2 scrolls of enchant weapon {unknown}
 v - 5 scrolls of teleportation {unknown}
 A - a scroll of immolation {unknown}
Potions
 d - 2 potions of magic
 i - 7 potions of curing {unknown}
 p - a potion of heal wounds {unknown}
 q - 2 potions of invisibility {unknown}
 w - a potion of berserk rage {unknown}
 x - a potion of degeneration {unknown}
 z - 2 potions of brilliance {unknown}
 E - a potion of haste {unknown}


   Skills:
 - Level 3.0 Fighting
 + Level 2.7 Armour
 - Level 3.0 Dodging
 - Level 3.0 Stealth
 * Level 11.4 Spellcasting
 + Level 6.3 Conjurations
 - Level 1.1 Summonings
 - Level 1.1 Translocations
 + Level 5.2 Fire Magic
 - Level 2.0 Air Magic
 - Level 2.0 Poison Magic
 - Level 2.0 Evocations


You had 16 spell levels left.
You knew the following spells:

 Your Spells              Type           Power      Damage    Failure   Level
a - Magic Dart            Conj           100%       1d8       1%          1
b - Mephitic Cloud        Conj/Pois/Air  37%        N/A       3%          3
c - Call Imp              Summ           46%        N/A       4%          2
d - Blink                 Tloc           46%        N/A       4%          2
e - Starburst             Conj/Fire      25%        6d8       54%         6

Your spell library contained the following spells:

 Spells                   Type           Power      Damage    Failure   Level
 Summon Small Mammal      Summ           92%        N/A       2%          1
 Cigotuvi's Dreadful Rot  Necr/Pois/Air  50%        N/A       3%          2
 Dazzling Flash           Conj/Hex       72%        N/A       3%          3
 Volatile Blastmotes      Fire/Tloc      72%        2d16      3%          3
 Slow                     Hex            68%        N/A       4%          1
 Call Canine Familiar     Summ           23%        N/A       9%          3
 Summon Guardian Golem    Hex/Summ       20%        N/A       11%         3
 Ozocubu's Armour         Ice            17%        N/A       13%         3
 Arcjolt                  Conj/Air       21%        1d31      22%         5
 Vhi's Electric Charge    Tloc/Air       52%        N/A       24%         4
 Plasma Beam              Fire/Air       19%        2x1d30    83%         6
 Ozocubu's Refrigeration  Ice            8%         4d9       100%        7
 Maxwell's Capacitive Co  Air            14%        ∞         100%        8


Dungeon Overview and Level Annotations

Branches:
Dungeon (7/15)             Temple (1/1) D:6

Altars:
Ashenzari
Cheibriados
Fedhas
Hepliaklqana
Kikubaaqudgha
Nemelex Xobeh
Ru
Uskayaw
Wu Jian
Xom
Yredelemnul
The Shining One

Shops:
D:6 *


Message History

Confirm with . or Enter, or press ? or * to list all spells.
A tiny devil pulls itself out of the air.
Your cerulean imp says, "You called?"
You feel stable enough to blink again.
The wight hits you with a +1 morningstar.
* * * LOW HITPOINT WARNING * * *
You feel drained.
You swap places.
The wight hits your cerulean imp with a +1 morningstar!
Your cerulean imp hits the wight with a -2 spear.
The wight closely misses your cerulean imp.
Your cerulean imp hits the wight but does no damage.
Casting: Call Imp (safe; 4% risk of failure)
Confirm with . or Enter, or press ? or * to list all spells.
You blink.
The wight attacks as it pursues you!
The wight hits you with a +1 morningstar.
* * * LOW HITPOINT WARNING * * *
The wight hits you but does no damage.
Casting: Blink (safe; 4% risk of failure)
Confirm with . or Enter, or press ? or * to list all spells.
A tiny devil pulls itself out of the air.
You feel stable enough to blink again.
The wight hits you with a +1 morningstar.
* * * LOW HITPOINT WARNING * * *
Unknown command.
You swap places.
Your cerulean imp barely misses the wight.
The wight hits your cerulean imp with a +1 morningstar.
Your cerulean imp hits the wight from afar with a -2 spear.
Your cerulean imp hits the wight from afar with a -2 spear.
The skeletal warrior hits your cerulean imp with a +0 war axe!
Your cerulean imp dies!
Your cerulean imp disappears in a puff of smoke!
Found a broad axe.
You hit the wight but do no damage.
The wight is heavily damaged.
Your +10 quarterstaff "Wiwuc" {spect, rPois Will+ rCorr Dex+2} hits the wight.
The wight hits you with a +1 morningstar!
You die...

#.#.#####..).....
.#.#.#.#####........
#...#..#............
#...#..#)...........
#...#..#......###+##
#...#......#
#..........#
#(z#W#......
#.@#.#.#####
#.##z..# #z##.###
#..#.# ##.z.# ###.#
###


You could see a skeletal warrior, a wight and a friendly +10 quarterstaff
"Wiwuc" {spect, rPois Will+ rCorr Dex+2}.

Vanquished Creatures
  Grinder (D:3)
  Sigmund (D:5)
  Grum (D:6)
  Edmund (D:4)
  4 ogres
  A centaur (D:6)
  Blork the orc (D:5)
  A bullfrog (D:6)
  2 gnoll sergeants (D:6)
  2 scorpions
  3 wights (D:7)
  A jelly (D:5)
  2 orc priests
  14 hounds
  4 iguanas
  A sleepcap (D:6)
  3 gnoll boudas (D:6)
  3 orc wizards
  23 gnolls
  10 adders
  2 white imps (D:5)
  An ufetubus (D:5)
  A worm (D:3)
  2 dart slugs
  18 orcs
  5 ball pythons
  10 endoplasms
  10 goblins
  4 hobgoblins
  9 jackals
  7 quokkas
  5 bats
  8 frilled lizards
  5 kobolds
  24 rats
190 creatures vanquished.

Notes
Turn   | Place    | Note
-------+----------+-------------------------------------------
     0 | D:1      | pokeman the Deep Elf Hedge Wizard began the quest for the
                  | Orb.
     0 | D:1      | Reached XP level 1. HP: 10/10 MP: 7/7
   327 | D:1      | Reached XP level 2. HP: 15/15 MP: 5/9
   939 | D:1      | Reached skill level 5 in Spellcasting
  1337 | D:2      | Reached XP level 3. HP: 20/20 MP: 8/11
  1341 | D:2      | Learned a level 3 spell: Mephitic Cloud
  1344 | D:2      | Learned a level 2 spell: Call Imp
  1347 | D:2      | Learned a level 2 spell: Blink
  1827 | D:2      | Reached skill level 1 in Fighting
  1829 | D:2      | Reached skill level 1 in Armour
  2146 | D:2      | Identified the +10 quarterstaff "Wiwuc" {spect, rPois Will+
                  | rCorr Dex+2}
  2208 | D:2      | Reached XP level 4. HP: 25/25 MP: 8/13
  3356 | D:3      | Noticed Grinder
  3362 | D:3      | Killed Grinder
  3363 | D:3      | Reached skill level 6 in Spellcasting
  3363 | D:3      | Reached skill level 1 in Air Magic
  3363 | D:3      | Reached skill level 1 in Poison Magic
  3363 | D:3      | Reached skill level 1 in Evocations
  3363 | D:3      | Reached XP level 5. HP: 24/29 MP: 10/16
  3363 | D:3      | Reached XP level 6. HP: 28/34 MP: 10/17
  3475 | D:3      | Learned a level 6 spell: Starburst
  4070 | D:3      | Reached skill level 7 in Spellcasting
  4230 | D:3      | Reached skill level 1 in Fire Magic
  4306 | D:4      | Reached XP level 7. HP: 38/38 MP: 13/19
  4466 | D:4      | Noticed Edmund
  4481 | D:4      | Killed Edmund
  4482 | D:4      | Reached skill level 8 in Spellcasting
  5304 | D:5      | Entered Level 5 of the Dungeon
  5509 | D:5      | Reached XP level 8. HP: 44/44 MP: 18/22
  5558 | D:5      | Noticed Blork the orc
  5564 | D:5      | Killed Blork the orc
  5727 | D:5      | Found a basalt altar of Yredelemnul.
  5734 | D:5      | Reached skill level 9 in Spellcasting
  5772 | D:5      | Noticed Sigmund
  5789 | D:5      | Killed Sigmund
  5790 | D:5      | Reached skill level 5 in Conjurations
  6277 | D:6      | Reached skill level 10 in Spellcasting
  6279 | D:6      | Found Lyow's General Store.
  6353 | D:6      | Bought a potion of magic for 104 gold pieces
  6633 | D:6      | Reached XP level 9. HP: 46/50 MP: 20/25
  6931 | D:6      | Found a staircase to the Ecumenical Temple.
  6942 | Temple   | Entered the Ecumenical Temple
  7147 | D:6      | Noticed Grum
  7152 | D:6      | Killed Grum
  7153 | D:6      | Reached skill level 11 in Spellcasting
  7171 | D:6      | Reached skill level 5 in Fire Magic
  7626 | D:7      | Noticed a skeletal warrior
  7639 | D:7      | HP: 2/47 [wight/+1 morningstar (3)]
  7657 | D:7      | Slain by a wight

Illustrated notes

Levels and vault maps discovered:
D:1:      onia_arrival_mini_spirals, layout_loops_ring, corexii_hall_statues_l,
          minmay_domino_4
D:2:      minmay_door_path, layout_loops_ring, serial_rivers,
          chequers_serial_rivers_room_b, chequers_serial_rivers_marsh,
          chequers_serial_rivers_micro_c, chequers_serial_rivers_large_a,
          chequers_serial_rivers_room_a, chequers_serial_rivers_micro_a,
          st_stairs_1, minivault_27, minmay_misc_feat_tiny, minmay_rat_hole
D:3:      minmay_razor_zed, layout_basic, uniq_grinder
D:4:      layout_basic, cheibrodos_gnoll_hut, uniq_edmund
D:5:      layout_cave_pools, mainiacjoe_overflow_catwalk,
          nicolae_fountain_basement, uniq_blork_the_orc, uniq_sigmund
D:6:      layout_cave_pools, temple_hall, serial_gnoll_camp,
          gnoll_camp_mini_basic, gnoll_camp_mini_hut, grums_kennel,
          gnoll_camp_huts_moat, gnoll_camp_mini_loothouse, gnoll_camp_mini_shop
D:7:      nicolae_BIG_FREAKIN_CUBE, layout_basic, grunt_ministairs_15,
          minmay_guarded_unrand_finisher
Temple:   jpeg_temple_clearing

Skill      XL: |  1  2  3  4  5  6  7  8  9 |
---------------+----------------------------+-----
Spellcasting   | 5 6 7 8 10 11 | 11.4
Fighting       | 1 2 3 |  3.0
Armour         | 1 2 |  2.7
Conjurations   | 2 3 4 5 6 |  6.3
Stealth        | 3 |  3.0
Dodging        | 3 |  3.0
Air Magic      | 1 2 |  2.0
Poison Magic   | 1 2 |  2.0
Evocations     | 1 2 |  2.0
Fire Magic     | 1 2 4 5 |  5.2
Summonings     | |  1.1
Translocations | |  1.1

Action                     |  1- 3 |  4- 6 |  7- 9 || total
---------------------------+-------+-------+-------++-------
  Melee: Dagger            |    29 |       |       ||    29
         Quarterstaff      |       |    15 |   104 ||   119
   Cast: Magic Dart        |   105 |    66 |   199 ||   370
         Call Imp          |     1 |     1 |     3 ||     5
         Mephitic Cloud    |       |     3 |    15 ||    18
         Blink             |       |       |     3 ||     3
   Stab: Confused          |       |       |     7 ||     7
         Sleeping          |       |       |     1 ||     1
 Armour: Robe              |    17 |     5 |    10 ||    32
         Leather armour    |       |       |    78 ||    78
  Dodge: Dodged            |    17 |    13 |    62 ||    92

Table legend: (Time is in decaauts)
 A = Elapsed time spent in this place.
 B = Non-inter-level travel time spent in this place.
 C = Inter-level travel time spent in this place.
 D = Time resting spent in this place.
 E = Time spent auto-exploring this place.
 F = Levels seen in this place.
 G = Mean time per level.
                   A        B        C        D        E       F      G
               +--------+--------+--------+--------+--------+-----+--------+
         Total |   7706 |   7344 |    362 |     72 |   6156 |   8 |  963.2 |
       Dungeon |   7704 |   7342 |    362 |     72 |   6156 |   7 | 1100.6 |
        Temple |      1 |      1 |      0 |      0 |      0 |   1 |    1.0 |
               +--------+--------+--------+--------+--------+-----+--------+

Top non-repeatable levels by time:
     D:2: 1637 daAuts
     D:3: 1517 daAuts
     D:1: 1162 daAuts
     D:6: 1149 daAuts
     D:4: 1087 daAuts
     D:5: 842 daAuts
     D:7: 306 daAuts
  Temple: 1 daAuts
